 Dungeon Crawl Stone Soup version 0.14-a0-1036-g6cac21b (webtiles) character file.

3041 Aelig the Conjurer (level 9, -5/45 HPs)
             Began as a Deep Elf Conjurer on Nov 24, 2013.
             Was a Follower of Vehumet.
             Slain by Yolobear's ghost (29 damage)
             ... on Level 7 of the Dungeon.
             The game lasted 00:35:00 (8161 turns).

Aelig the Conjurer (Deep Elf Conjurer)              Turns: 8161, Time: 00:35:00

HP  -5/45        AC  3     Str  5      XL: 9   Next: 37%
MP  18/29        EV 13     Int 24      God: Vehumet [*.....]
Gold 358         SH  0     Dex 15      Spells:  5 memorised, 11 levels left

Res.Fire  : + . .   See Invis. : +   s - +3,+1 orc flail (curse)
Res.Cold  : . . .   Warding    : .   a - +0 elf robe (curse)
Life Prot.: . . .   Conserve   : .   (no shield)
Res.Poison: .       Res.Corr.  : .   (no helmet)
Res.Elec. : .       Clarity    : .   w - +0 cloak (curse)
Sust.Abil.: . .     Spirit.Shd : .   (no gloves)
Res.Mut.  : .       Stasis     : .   (no boots)
Res.Rott. : .       Flight     : .   (no amulet)
Saprovore : . . .                    j - cursed ring of see invisible
                                     d - cursed ring of protection from fire

@: somewhat resistant to hostile enchantments, fairly stealthy
A: no striking features
a: Renounce Religion


You were on level 7 of the Dungeon.
You worshipped Vehumet.
Vehumet was aware of your devotion.
You were not hungry.

You visited 2 branches of the dungeon, and saw 8 of its levels.
You also visited: Ossuary.

You collected 358 gold pieces.

Inventory:

Hand weapons
 s - a cursed +3,+1 orcish flail (weapon)
Armour
 a - a cursed +0 elven robe (worn)
 w - a cursed +0 cloak (worn)
Comestibles
 b - a bread ration
 i - 2 meat rations
Scrolls
 c - a scroll of silence {unknown}
 f - a scroll of remove curse {unknown}
 g - a scroll of recharging {unknown}
 k - a scroll of noise {unknown}
Jewellery
 d - a cursed ring of protection from fire (left hand)
 e - an uncursed ring of sustain abilities {unknown}
 j - a cursed ring of see invisible (right hand)
Potions
 h - 6 potions of might


   Skills:
 - Level 2.4 Dodging
 - Level 2.4 Stealth
 + Level 10.1 Spellcasting
 * Level 11.0 Conjurations
 - Level 6.0 Charms


You had 11 spell levels left.
You knew the following spells:

 Your Spells              Type           Power        Failure   Level  Hunger
a - Magic Dart            Conj           ####         1%          1    None
b - Iskenderun's Battles  Conj/Chrm      ######..     1%          4    #......
c - Dazzling Spray        Conj/Hex       #####...     1%          3    None
d - Iskenderun's Mystic   Conj           ######..     1%          4    #......
e - Fulminant Prism       Conj/Hex       #####.....   17%         5    ###....


Dungeon Overview and Level Annotations

Branches:
Dungeon (7/16)             Temple (1/1) D:7

Altars:
Ashenzari
Cheibriados
Elyvilon
Fedhas
Kikubaaqudgha
Makhleb
Nemelex Xobeh
Okawaru
Sif Muna
Trog
Vehumet
Xom
Yredelemnul
Zin
the Shining One

Annotations:
D:6 exclusion: downstairs
D:7 Yolobear's ghost, experienced TrCK


Message History

The magic dart hits Yolobear's ghost.
Yolobear's ghost is heavily damaged.
Your battlesphere fires!
The barrage of energy hits Yolobear's ghost.
Yolobear's ghost is severely damaged.
Yolobear's ghost hits you!
Casting: Magic Dart
Confirm with . or Enter, or press ? or * to list all spells.
Aiming: Dazzling Spray
Press: ? - help, Shift-Dir - straight line, f/p - Yolobear's ghost
Aim: Yolobear's ghost (severely damaged)
The spray of energy hits Yolobear's ghost.
Yolobear's ghost is severely damaged.
Your battlesphere fires!
The barrage of energy hits Yolobear's ghost.
Yolobear's ghost is severely damaged.
Your battlesphere expends the last of its energy and dissipates.
Yolobear's ghost hits you!
Ouch! That really hurt!
You die...

##.......##......##
#.........#.#....##
'........['.......#
#.........#.#...ยง.#
##.......##.###...#
##.....###.####.##
##...## #......#
##'## ######p# #.#
#@# #.# #.# ##.##
#.# ##...## #.#
#.....# #.# ##...##
#.# ####...# ####.#
.......######....#
####..........####


You could see Yolobear's ghost.

Vanquished Creatures
  Pikel (D:6)
  The ghost of Watball the Firebug, an average HEFE (Ossuary)
  Eustachio (D:6)
  Menkaure (D:6)
  2 ice beasts
  A phantom (D:4)
  A black bear (D:7)
  A sky beast (D:7)
  2 ogres
  2 centaurs
  A water moccasin (D:6)
  3 crimson imps
  2 orc priests (D:4)
  3 scorpions
  A gnoll shaman (D:4)
  An orc wizard (D:4)
  2 worker ants
  13 mummies
  6 adders
  A worker ant zombie (D:6)
  8 gnolls
  4 worms
  A giant eyeball (D:6)
  2 giant geckos
  An ooze (D:6)
  10 orcs
  19 bats
  2 giant cockroaches
  13 hobgoblins
  15 jackals
  2 quokkas
  2 ball pythons
  A giant cockroach zombie (D:5)
  5 giant newts
  A giant newt skeleton (D:4)
  A giant spore (D:6)
  A gnoll skeleton (Ossuary)
  12 goblins
  3 goblin skeletons (Ossuary)
  A hobgoblin skeleton (D:4)
  13 kobolds
  A kobold skeleton (Ossuary)
  3 orc skeletons
  9 rats
  11 rat skeletons (Ossuary)
  3 ballistomycetes (D:6)
190 creatures vanquished.

Vanquished Creatures (others)
  A bat (D:6)
  A hobgoblin (D:6)
  A goblin skeleton (Ossuary)
3 creatures vanquished.

Grand Total: 193 creatures vanquished

Notes
Turn   | Place    | Note
--------------------------------------------------------------
     0 | D:1      | Aelig, the Deep Elf Conjurer, began the quest for the Orb.
     0 | D:1      | Reached XP level 1. HP: 10/10 MP: 4/4
   306 | D:1      | Reached XP level 2. HP: 15/15 MP: 1/6
   405 | D:1      | Reached skill level 5 in Conjurations
  1082 | D:2      | Found a shimmering altar of Xom.
  1083 | D:2      | Found a shimmering altar of Xom.
  1158 | D:2      | Found a shimmering altar of Xom.
  1158 | D:2      | Found a shimmering altar of Xom.
  1158 | D:2      | Found a shimmering altar of Xom.
  1354 | D:2      | Reached XP level 3. HP: 19/19 MP: 3/9
  1507 | D:2      | Reached XP level 4. HP: 24/24 MP: 0/13
  2466 | D:3      | Reached XP level 5. HP: 28/28 MP: 14/17
  2510 | D:3      | Reached skill level 6 in Conjurations
  2812 | D:3      | Learned a level 4 spell: Iskenderun's Battlesphere
  2816 | D:3      | Learned a level 3 spell: Dazzling Spray
  2821 | D:3      | Learned a level 4 spell: Iskenderun's Mystic Blast
  3251 | D:3      | Reached skill level 1 in Charms
  3583 | D:4      | Noticed a phantom
  3596 | D:4      | Killed a phantom
  3596 | D:4      | Reached skill level 5 in Spellcasting
  3596 | D:4      | Reached XP level 6. HP: 32/32 MP: 7/20
  3681 | D:4      | Noticed an ogre
  3695 | D:4      | Killed an ogre
  4579 | D:4      | Reached skill level 7 in Conjurations
  4579 | D:4      | Reached XP level 7. HP: 28/36 MP: 15/22
  4846 | D:5      | Entered Level 5 of the Dungeon
  5137 | D:5      | Found a shimmering altar of Xom.
  5625 | D:6      | Noticed Eustachio
  5631 | D:6      | Killed Eustachio
  5631 | D:6      | Reached skill level 8 in Conjurations
  5667 | D:6      | Reached skill level 5 in Charms
  5667 | D:6      | Reached XP level 8. HP: 41/41 MP: 25/25
  5741 | D:6      | Noticed Pikel
  5754 | D:6      | Killed Pikel
  5754 | D:6      | Reached skill level 9 in Conjurations
  5943 | D:6      | Noticed Menkaure
  5949 | D:6      | Killed Menkaure
  6136 | D:6      | Found a radiant altar of Vehumet.
  6162 | D:6      | Became a worshipper of Vehumet
  6666 | D:7      | Reached skill level 10 in Conjurations
  6707 | D:7      | Noticed Yolobear's ghost (experienced TrCK)
  6758 | D:7      | Learned a level 5 spell: Fulminant Prism
  6795 | D:7      | Found a sparkling altar of Nemelex Xobeh.
  6916 | D:7      | Reached XP level 9. HP: 43/45 MP: 17/28
  7058 | D:7      | Found a sand-covered staircase.
  7063 | Ossuary  | Entered an ossuary
  7092 | Ossuary  | Noticed Watball's ghost (average HEFE)
  7095 | Ossuary  | Killed Watball's ghost
  7298 | Ossuary  | Acquired Vehumet's first power
  7298 | Ossuary  | Offered knowledge of Shock by Vehumet.
  7432 | Ossuary  | Reached skill level 10 in Spellcasting
  7603 | D:7      | Found a staircase to the Ecumenical Temple.
  7610 | Temple   | Entered the Ecumenical Temple
  8104 | D:7      | Reached skill level 11 in Conjurations
  8161 | D:7      | Slain by Yolobear's ghost

Action                   |  1- 3 |  4- 6 |  7- 9 || total
-------------------------+-------+-------+-------++-------
Melee: Unarmed           |    15 |       |       ||    15
       Flail             |       |     1 |    41 ||    42
 Cast: Magic Dart        |    71 |   177 |   209 ||   457
       Dazzling Spray    |       |     4 |     6 ||    10
       Iskenderun's Batt |       |     3 |    20 ||    23
       Iskenderun's Myst |       |       |     5 ||     5
  Use: Potion            |       |       |     2 ||     2
